 Dungeon Crawl Stone Soup version 0.27-a0-1431-gcffa5a9b16 (webtiles) character file.

Game seed: 8131680629973512871

3256 mandarbmax the Grappler (level 9, -3/87 HPs)
             Began as a Troll Berserker on July 3, 2021.
             Was a High Priest of Trog.
             Slain by Prince Ribbit (13 damage)
             ... on level 7 of the Dungeon.
             The game lasted 00:08:33 (5510 turns).

mandarbmax the Grappler (Troll Berserker)           Turns: 5510, Time: 00:08:34

Health: -3/87      AC:  6    Str: 27    XL:     9   Next: 67%
Magic:  8/8        EV:  6    Int:  3    God:    Trog [*****.]
Gold:   87         SH: 13    Dex: 12    Spells: 8/8 levels left

rFire    . . .     SeeInvis .     - Unarmed
rCold    . . .     Faith    +   u - +0 tower shield
rNeg     . . .     Spirit   .   a - +0 animal skin
rPois    .         Reflect  .   t - +2 hat
rElec    .         Harm     .   (no cloak)
rCorr    .         Rampage  .   (gloves unavailable)
Will     ++...                  (boots unavailable)
Stlth    +.........             b - amulet of faith
HPRegen  2.24/turn              (no ring)
MPRegen  0.11/turn              (no ring)

@: strong-willed, regenerating
A: large, unfitting armour, claws 3, regeneration 1, shaggy fur 1, tough skin 1
a: Renounce Religion, Berserk, Trog's Hand, Brothers in Arms


You were on level 7 of the Dungeon.
You worshipped Trog.
Trog was extremely pleased with you.
You visited 1 branch of the dungeon, and saw 7 of its levels.

You collected 374 gold pieces.
You spent 287 gold pieces at shops.

Inventory:

Missiles
 g - 10 poisoned darts (quivered)
Armour
 a - a +0 animal skin (worn)
 t - a +2 hat (worn)
 u - a +0 tower shield (worn)
Jewellery
 b - an amulet of faith (around neck)
 n - a ring of willpower
Scrolls
 c - 4 scrolls of teleportation {unknown}
 h - a scroll of amnesia {unknown}
 i - 9 scrolls of identify {unknown}
 j - 2 scrolls of immolation {unknown}
 m - 3 scrolls of enchant weapon {unknown}
 s - a scroll of fog {unknown}
Potions
 d - a potion of cancellation {unknown}
 e - 7 potions of curing
 f - 2 potions of degeneration {unknown}
 k - 3 potions of mutation {unknown}
 l - a potion of haste {unknown}
 o - 3 potions of heal wounds {unknown}
 p - 2 potions of might {unknown}
 q - a potion of attraction {unknown}
 r - a potion of flight {unknown}
 v - a potion of invisibility {unknown}


   Skills:
 + Level 4.8 Fighting
 + Level 4.1 Throwing
 + Level 4.8 Dodging
 + Level 0.5 Shields
 - Level 11.0 Unarmed Combat


You had 8 spell levels left.
You didn't know any spells.
Your spell library contained the following spells:

 Spells                   Type           Power      Damage    Failure   Level
 Animate Skeleton         Necr           0%         N/A       100%        1
 Apportation              Tloc           0%         N/A       100%        1
 Corona                   Hex            0%         N/A       100%        1
 Magic Dart               Conj           0%         1d3       100%        1
 Pain                     Necr           0%         1d4       100%        1
 Summon Small Mammal      Summ           0%         N/A       100%        1
 Ensorcelled Hibernation  Hex/Ice        0%         N/A       100%        2
 Searing Ray              Conj           0%         3d3       100%        2
 Sublimation of Blood     Necr           0%         N/A       100%        2
 Wereblood                Tmut           0%         N/A       100%        2
 Call Canine Familiar     Summ           0%         N/A       100%        3
 Gell's Gravitas          Tloc           0%         N/A       100%        3
 Ignite Poison            Fire/Tmut/Pois 0%         N/A       100%        3
 Lesser Beckoning         Tloc           0%         N/A       100%        3
 Mephitic Cloud           Conj/Pois/Air  0%         N/A       100%        3
 Spider Form              Tmut/Pois      0%         N/A       100%        3
 Summon Guardian Golem    Hex/Summ       0%         N/A       100%        3
 Teleport Other           Tloc           0%         N/A       100%        3
 Fulminant Prism          Conj/Hex       0%         3d6       100%        4
 Iskenderun's Mystic Bla  Conj/Tloc      0%         2d3       100%        4
 Agony                    Necr           0%         N/A       100%        5
 Blade Hands              Tmut           0%         N/A       100%        5
 Bolt of Magma            Conj/Fire/Erth 0%         4d4       100%        5
 Excruciating Wounds      Necr           0%         N/A       100%        5
 Fireball                 Conj/Fire      0%         3d3       100%        5
 Irradiate                Conj/Tmut      0%         3d14      100%        5
 Lee's Rapid Deconstruct  Erth           0%         3d5*      100%        5
 Shadow Creatures         Summ           N/A        N/A       100%        6
 Starburst                Conj/Fire      0%         8x6d3     100%        6
 Dragon Form              Tmut           0%         N/A       100%        7
 Summon Hydra             Summ           0%         N/A       100%        7
 Ignition                 Fire           0%         3d3       100%        8


Dungeon Overview and Level Annotations

Branches:
Dungeon (7/15)             Temple (0/1) D:4

Altars:
Fedhas
Gozag
Hepliaklqana
Qazlal
Zin

Shops:
D:3 :   D:7 [([

Annotations:
D:7 Prince Ribbit


Innate Abilities, Weirdness & Mutations

You are too large for most types of armour.
You have claws for hands.
Your natural rate of healing is unusually fast.
You are covered in fur. (AC +1)
You have tough skin. (AC +1)


Message History

You are too injured to fight recklessly!
You are too injured to fight recklessly!
You are too injured to fight recklessly!
You are too injured to fight recklessly!
You are too injured to fight recklessly!
You are too injured to fight recklessly!
You are too injured to fight recklessly!
You are too injured to fight recklessly!
You are too injured to fight recklessly!
You are too injured to fight recklessly!
You are too injured to fight recklessly!
You are too injured to fight recklessly!
You are too injured to fight recklessly!
You are too injured to fight recklessly!
You are too injured to fight recklessly!
You are too injured to fight recklessly!
You are too injured to fight recklessly!
You closely miss the steam dragon.
The steam dragon is heavily wounded.
You are engulfed in a cloud of scalding steam.
Prince Ribbit comes into view.
You block the steam dragon's attack. The steam dragon barely misses you.
You scratch the steam dragon.
The steam dragon is severely wounded.
Prince Ribbit blinks!
The steam dragon breathes steam at you. The ball of steam hits you!
* * * LOW HITPOINT WARNING * * *
Unknown command.
Your skin crawls.
You feel strong-willed. The steam dragon bites you!
* * * LOW HITPOINT WARNING * * *
The steam dragon closely misses you.
Unknown command.
Prince Ribbit is engulfed in a cloud of scalding steam.
Prince Ribbit hits you!
* * * LOW HITPOINT WARNING * * *
Prince Ribbit hits you!
You die...

##..# ##.... ##.....
...... #....#### .#
#......### .# ##.....D§.#
.# #......F@§## #.#
#.?.(......# ..
#.._..8.._.# .#
#..........##.##
#..........#...## ####
##..............######...
#......##.).............
###...###.).............
##### ##.....#........


You could see Prince Ribbit and a steam dragon.

Vanquished Creatures
  3 kobold demonologists
  A hornet (D:5)
  Sigmund (D:5)
  Edmund (D:6)
  Menkaure (D:6)
  A hornet zombie (D:6)
  An ice beast (D:5)
  A black bear (D:5)
  2 centaurs
  2 phantoms
  A bullfrog (D:7)
  A gnoll sergeant (D:5)
  A scorpion (D:5)
  A water moccasin skeleton (D:5)
  3 wights (D:7)
  2 howler monkeys
  5 hounds
  2 centaur skeletons (D:7)
  3 orc priests
  3 orc wizards
  2 hound skeletons
  2 howler monkey zombies
  5 gnolls
  17 adders
  2 shadow imps (D:6)
  4 white imps
  2 ufetubi
  4 worms
  5 dart slugs
  17 orcs
  7 bats
  10 endoplasms
  2 giant cockroaches
  6 goblins
  7 hobgoblins
  19 jackals
  13 kobolds
  3 quokkas
  9 ball pythons
  4 frilled lizards
  7 rats
183 creatures vanquished.

Vanquished Creatures (collateral kills)
  An orc wizard (D:4)
  3 gnolls (D:4)
  An orc (D:4)
  A ball python (D:4)
6 creatures vanquished.

Grand Total: 189 creatures vanquished

Notes
Turn   | Place    | Note
-------+----------+-------------------------------------------
     0 | D:1      | mandarbmax the Troll Berserker began the quest for the Orb.
     0 | D:1      | Reached XP level 1. HP: 22/22 MP: 0/0
    53 | D:1      | Reached XP level 2. HP: 29/29 MP: 1/1
   271 | D:1      | Reached skill level 4 in Unarmed Combat
   315 | D:1      | Reached ** piety under Trog
   368 | D:1      | Reached XP level 3. HP: 36/36 MP: 2/2
   885 | D:2      | Reached *** piety under Trog
   886 | D:2      | Reached XP level 4. HP: 44/44 MP: 3/3
   945 | D:2      | Reached skill level 5 in Unarmed Combat
  1374 | D:3      | Reached XP level 5. HP: 50/50 MP: 4/4
  1396 | D:3      | Reached skill level 6 in Unarmed Combat
  1538 | D:3      | Reached **** piety under Trog
  1732 | D:3      | Found Zyuxtor's Book Shoppe.
  2034 | D:4      | Reached XP level 6. HP: 54/59 MP: 5/5
  2116 | D:4      | Reached skill level 7 in Unarmed Combat
  2185 | D:4      | Found a staircase to the Ecumenical Temple.
  2524 | D:4      | Reached skill level 8 in Unarmed Combat
  2630 | D:4      | Reached XP level 7. HP: 60/66 MP: 6/6
  2779 | D:5      | Entered Level 5 of the Dungeon
  2785 | D:5      | Noticed a kobold demonologist
  2797 | D:5      | Killed a kobold demonologist
  2798 | D:5      | Reached skill level 9 in Unarmed Combat
  2801 | D:5      | Reached ***** piety under Trog
  2803 | D:5      | Noticed a kobold demonologist
  2805 | D:5      | Noticed a hellwing
  2806 | D:5      | Noticed a ynoxinul
  2809 | D:5      | Killed a kobold demonologist
  2810 | D:5      | Reached XP level 8. HP: 69/74 MP: 7/7
  2873 | D:5      | Reached skill level 10 in Unarmed Combat
  2912 | D:5      | Found an opulent altar of Gozag.
  3094 | D:5      | Found a blossoming altar of Fedhas.
  3105 | D:5      | Found a hazy altar of Hepliaklqana.
  3324 | D:5      | Noticed a hornet
  3329 | D:5      | Killed a hornet
  3405 | D:5      | Reached skill level 11 in Unarmed Combat
  3512 | D:5      | Noticed Sigmund
  3525 | D:5      | Killed Sigmund
  3526 | D:5      | Reached skill level 1 in Throwing
  3852 | D:5      | Received a gift from Trog
  4185 | D:6      | Reached XP level 9. HP: 83/83 MP: 8/8
  4406 | D:6      | Noticed a kobold demonologist
  4415 | D:6      | Killed a kobold demonologist
  4467 | D:6      | Noticed Edmund
  4476 | D:6      | Killed Edmund
  4587 | D:6      | Noticed Menkaure
  4593 | D:6      | Killed Menkaure
  5274 | D:7      | Found Wowetoj's Antique Armour Shop.
  5316 | D:7      | Found Nilar's Antique Weapon Boutique.
  5340 | D:7      | Bought a glowing hat for 175 gold pieces
  5340 | D:7      | Bought a tower shield for 112 gold pieces
  5372 | D:7      | Found Cuycaw Vaoc's Armour Boutique.
  5468 | D:7      | Found a glowing silver altar of Zin.
  5476 | D:7      | Found a stormy altar of Qazlal.
  5505 | D:7      | Noticed Prince Ribbit
  5510 | D:7      | Slain by Prince Ribbit

Illustrated notes

Levels and vault maps discovered:
D:1:      grunt_arrival_lava_bath, layout_basic, chequers_serial_rivers_room_b
D:2:      layout_basic, grunt_ministairs_8, moated_statue
D:3:      layout_loops_ring, serial_shops, shop
D:4:      layout_basic, minmay_temple_entry_arrows
D:5:      layout_loops_corners, nicolae_overflow_hidden_temple,
          amethyst_overflow_temple_binary, lightli_minifort, uniq_sigmund
D:6:      layout_gridville, uniq_edmund, uniq_menkaure
D:7:      layout_layer_cave, grunt_temple_overflow_open, serial_shops,
          nicolae_shop_window_shopping, nicolae_shop_stone, shop,
          kennysheep_little_box, nicolae_shop_stone, grunt_ministairs_1,
          minmay_misc_feat_square, kennysheep_generic_room_10,
          uniq_prince_ribbit1

Skill      XL: |  1  2  3  4  5  6  7  8  9 |
---------------+----------------------------+-----
Unarmed Combat | 4 5 6 8 9 11 | 11.0
Fighting       | 3 4 |  4.8
Throwing       | 2 4 |  4.1
Dodging        | 3 4 |  4.8
Shields        | |  0.5

Action                   |  1- 3 |  4- 6 |  7- 9 || total
-------------------------+-------+-------+-------++-------
Melee: Unarmed           |   104 |   168 |   184 ||   456
       Punch             |     2 |     5 |     8 ||    15
Throw: Dart              |       |    26 |    42 ||    68
Invok: Berserk           |     3 |     2 |     7 ||    12
       Brothers in Arms  |       |     1 |       ||     1
       Trog's Hand       |       |       |     1 ||     1
  Use: Potion            |       |     2 |       ||     2
 Stab: Sleeping          |       |     3 |       ||     3
Armor: Animal skin       |    35 |    47 |    38 ||   120
Dodge: Dodged            |    47 |    73 |    81 ||   201
Block: Tower shield      |       |       |    17 ||    17

Table legend: (Time is in decaauts)
 A = Elapsed time spent in this place.
 B = Non-inter-level travel time spent in this place.
 C = Inter-level travel time spent in this place.
 D = Time resting spent in this place.
 E = Time spent auto-exploring this place.
 F = Levels seen in this place.
 G = Mean time per level.
                   A        B        C        D        E       F      G
               +--------+--------+--------+--------+--------+-----+--------+
         Total |   5569 |   5443 |    126 |    869 |   3656 |   7 |  795.6 |
       Dungeon |   5569 |   5443 |    126 |    869 |   3656 |   7 |  795.6 |
               +--------+--------+--------+--------+--------+-----+--------+

Top non-repeatable levels by time:
     D:6: 1298 daAuts
     D:5: 1214 daAuts
     D:1: 784 daAuts
     D:4: 767 daAuts
     D:3: 724 daAuts
     D:2: 518 daAuts
     D:7: 262 daAuts
